Map: Ultralove

Players

sugubatul - Winner!

  • Race: Zerg Zerg
  • League: Master
  • Spawn Location: 1:00

BOM

  • Race: Terran Terran
  • League: Master
  • Spawn Location: 7:00

VOD

Have the link to the VOD?

Description

Time

  • Played on: Oct. 12, 2025, 1:37 p.m.
  • Length: 16:32
Show
View Real Time Build Order
Export as new Build Order

sugubatul Zerg - Winner!

Build Orders: Hatch First 

Get SALT Encoding   

  12  0:00  Drone  
  13  0:08  Drone  
  14  0:14  Extractor  
  14  0:17  Drone  
  15  0:36  Hatchery  
  15  0:41  Extractor, Drone  
  15  0:46  Overlord  
  15  1:02  Spawning Pool  
  14  1:06  Drone  
  14  1:10  Drone  
  16  1:14  Drone  
  17  1:25  Overlord  
  17  1:30  Extractor  
  16  1:48  Queen  
  16  1:49  Queen  
  16  1:51  Zergling x2  
  21  1:55  Zergling x2  
  22  2:02  Drone x2  
  22  2:05  Drone  
  25  2:19  Overlord x2  
  25  2:33  Drone x4  
  29  2:55  Drone  
  29  2:57  Hatchery  
  29  3:00  Metabolic Boost  
  29  3:10  Queen  
  31  3:13  Drone  
  32  3:20  Drone x2  
  32  3:26  Drone  
  35  3:27  Drone x2  
  35  3:29  Drone  
  38  3:40  Lair  
  38  3:43  Drone  
  38  3:44  Drone x2  
  41  3:57  Zergling x2, Drone  
  41  3:58  Zergling x2  
  41  3:59  Overlord  
  41  4:00  Overlord  
  44  4:13  Drone x3, Extractor  
  44  4:15  Overlord  
  44  4:16  Overlord  
  46  4:31  Queen  
  46  4:33  Queen  
  46  4:37  Extractor x2, Drone x3  
  46  4:38  Drone x3  
  54  4:55  Spire  
  54  4:59  Infestation Pit  
  52  5:02  Drone x2  
  52  5:03  Drone x6  
  52  5:05  Drone  
  52  5:06  Drone  
  62  5:22  Zergling x6  
  62  5:23  Overlord x2  
  65  5:44  Drone x4  
  65  5:45  Drone x2  
  71  5:51  Queen  
  71  5:52  Queen  
  71  5:54  Drone x7  
  71  5:55  Drone  
  71  5:56  Overlord  
  83  5:58  Overseer x2  
  83  5:59  Overseer  
  83  6:13  Mutalisk x5  
  93  6:37  Extractor  
  93  6:39  Extractor  
  91  6:56  Overlord  
  91  6:57  Overlord x2  
  91  7:18  Hive  
  89  7:34  Corruptor  
  89  7:35  Corruptor x8  
  99  7:42  Zergling x2  
  99  7:43  Zergling x22  
  111  7:51  Overlord x2  
  111  7:56  Overlord x3  
  111  7:57  Overlord x2  
  107  8:34  Queen  
  109  8:49  Ultralisk Cavern  
  107  9:20  Overlord  
  107  9:21  Overlord x2  
  107  9:36  Anabolic Synthesis  
  107  9:37  Evolution Chamber x2  
  105  9:59  Hatchery  
  104  10:06  Zerg Ground Armor Level 1, Zerg Melee Weapons Level 1  
  104  10:10  Ultralisk  
  104  10:11  Ultralisk x5  
  104  10:12  Overlord x2  
  104  10:14  Zergling x10  
  141  10:19  Chitinous Plating  
  145  10:35  Ultralisk x2  
  157  10:38  Overlord x2  
  157  10:58  Ultralisk  
  157  10:59  Ultralisk x2  
  157  11:00  Overlord x3  
  176  11:25  Drone  
  176  11:26  Drone x19  
  195  12:00  Zerg Melee Weapons Level 2  
  195  12:01  Zerg Ground Armor Level 2  
  171  12:21  Mutalisk  
  171  12:22  Mutalisk x12  
  169  12:26  Zergling x18  
  169  12:27  Zergling x12  
  188  13:15  Corruptor  
  188  13:16  Corruptor x5  
  146  14:15  Corruptor  
  146  14:16  Corruptor x12  
  146  14:42  Overlord x4  
  146  14:43  Overlord  
  140  15:05  Ultralisk  
  138  15:29  Extractor  
  138  15:31  Extractor  
  138  15:34  Corruptor x2  
  128  16:05  Zergling x10  
  128  16:06  Zergling x36  
  128  16:09  Overlord x2  
Show
View Real Time Build Order
Export as new Build Order

BOM Terran 

Build Orders:  

Get SALT Encoding   

  12  0:01  SCV  
  13  0:13  SCV  
  14  0:20  Supply Depot  
  14  0:26  Refinery  
  14  0:28  SCV  
  15  0:44  Barracks  
  15  0:51  Refinery  
  15  0:55  SCV  
  16  1:07  SCV  
  17  1:19  SCV  
  18  1:31  SCV  
  19  1:34  Marine, Factory  
  20  1:43  SCV  
  21  1:49  Supply Depot  
  21  1:55  Marine  
  21  1:56  SCV  
  23  2:35  Starport  
  23  2:37  Factory Tech Lab  
  23  2:45  Command Center  
  23  2:55  Barracks Reactor  
  23  2:59  SCV  
  24  3:09  Siege Tank  
  24  3:11  SCV  
  28  3:15  Starport Reactor  
  28  3:24  Orbital Command  
  28  3:36  Marine x2  
  30  3:57  Viking x2  
  30  3:59  Refinery  
  30  4:01  SCV  
  35  4:13  SCV  
  35  4:16  Supply Depot  
  36  4:27  Viking x2, SCV  
  36  4:30  SCV  
  42  4:39  SCV  
  42  4:40  Bunker  
  42  4:41  Marine x2  
  45  4:46  SCV  
  45  4:51  SCV  
  47  4:58  Viking, SCV  
  50  5:01  Viking  
  50  5:03  SCV  
  53  5:13  Refinery  
  53  5:16  Bunker  
  53  5:21  Supply Depot  
  53  5:36  Command Center  
  53  5:38  SCV  
  54  5:44  Viking  
  56  5:50  Viking  
  58  6:09  Marine x2  
  60  6:14  Viking  
  62  6:27  Marine  
  62  6:28  Viking, SCV, Siege Tank  
  69  6:33  Supply Depot  
  69  6:40  SCV  
  70  6:56  Supply Depot  
  68  7:29  Engineering Bay  
  64  7:31  Marine x2  
  66  7:49  Marine x2  
  66  8:07  Marine x2  
  66  8:11  Viking x2  
  72  8:19  Neosteel Armor  
  72  8:27  Missile Turret  
  72  8:36  Marine x2  
  74  8:41  Viking x2  
  74  8:45  SCV  
  79  8:50  Siege Tank, Missile Turret  
  79  8:53  Marine x2  
  84  8:57  SCV  
  85  9:09  SCV  
  86  9:11  Marine x2, Viking x2  
  92  9:21  SCV  
  92  9:23  Widow Mine  
  95  9:29  Marine x2  
  97  9:33  SCV  
  98  9:38  Refinery  
  98  9:41  Viking  
  98  9:44  Missile Turret  
  100  9:47  Marine  
  101  10:00  Hi-Sec Auto Tracking  
  101  10:02  Supply Depot  
  101  10:05  Command Center  
  101  10:06  Missile Turret  
  101  10:21  Missile Turret  
  101  10:24  Marine, Viking x2, Siege Tank  
  101  10:25  Supply Depot  
  109  10:30  Missile Turret  
  109  10:40  Marine, SCV  
  109  10:42  Marine  
  112  10:43  Missile Turret  
  112  10:44  Supply Depot  
  110  10:50  Supply Depot  
  110  10:52  SCV  
  110  10:54  Viking x2  
  110  10:56  Siege Tank  
  118  10:58  Marine  
  118  10:59  Marine  
  118  11:03  Missile Turret  
  120  11:09  Missile Turret  
  120  11:12  Orbital Command, Barracks  
  120  11:15  Marine  
  120  11:17  Marine  
  122  11:21  Planetary Fortress  
  122  11:23  Refinery  
  122  11:24  Medivac  
  124  11:30  Supply Depot  
  124  11:32  Siege Tank  
  126  11:33  Marine  
  127  11:47  Viking  
  129  11:54  Armory, Viking  
  131  12:02  Missile Turret  
  131  12:03  SCV  
  122  12:17  Viking  
  95  12:23  Missile Turret  
  60  12:42  Marine x2  
  57  13:00  Marine x2  
  57  13:04  Siege Tank  
  59  13:16  Bunker  
  59  13:18  Marine x2  
  61  13:36  Marine, Siege Tank  
  57  13:48  Supply Depot  
  43  14:14  Marine  
  31  14:32  Marine  
  31  14:50  Marine  
  25  14:59  Widow Mine  
  21  15:08  Marine  
  20  15:15  SCV  
  21  15:26  Marine  
  21  15:28  SCV  
  23  15:40  SCV  
Tags
 
Matchup
TvZ
Spawn Locations
Cross Positions
Add a new tag
Caveats
  • Supply blocks, unpowered buildings, or Contaminate may cause inaccurate times.
  • Supply counts are checked every 10 seconds.